 Dungeon Sprint DCSS version 0.30-a0-58-gc0703345a7 (webtiles) character file.

Game seed: 2842118673530546458

3182 mhtbhm the Earth Mage (level 9, -7/49 HPs)
             Began as a Gargoyle Earth Elementalist on Sept 11, 2022.
             Was a High Priest of Vehumet.
             Mangled by a phantasmal warrior (30 damage)
             ... in the Dungeon (Sprint VII: "The Pits").
             The game lasted 00:06:46 (1793 turns).

mhtbhm the Earth Mage (Gargoyle Earth Elementalist) Turns: 1793, Time: 00:06:46

Health: -7/49      AC: 13    Str: 13    XL:     9   Next: 95%
Magic:  15/25      EV: 16    Int: 19    God:    Vehumet [*****.]
Gold:   0          SH:  0    Dex: 10    Spells: 18/33 levels left

rFire   . . .      SeeInvis .    k - +2 quarterstaff (protect)
rCold   . . .      Faith    .    (shield currently unavailable)
rNeg    + . .      Spirit   .    a - +0 robe
rPois   ∞          Reflect  .    (no helmet)
rElec   +          Harm     .    (no cloak)
rCorr   .          Rampage  .    m - +0 pair of gloves
Will    .....      NoTele   +    n - +0 pair of boots
Stlth   +++.......               (no amulet)
HPRegen 0.16/turn                e - +3 ring of protection
MPRegen 0.19/turn                g - +3 ring of evasion

@: no status effects
A: sickness immunity, AC +6, negative energy resistance 1, electricity
resistance, torment resistance 1, petrification resistance
a: Renounce Religion


You were in the Dungeon.
You worshipped Vehumet.
Vehumet was extremely pleased with you.
You visited 1 branch

Inventory:

Hand Weapons
 k - a +2 quarterstaff of protection (weapon)
Armour
 a - a +0 robe (worn)
 m - a +0 pair of gloves (worn)
 n - a +0 pair of boots (worn)
Jewellery
 e - a +3 ring of protection (left hand)
 g - a +3 ring of evasion (right hand)
Scrolls
 i - 5 scrolls of amnesia
Potions
 b - 2 potions of magic
 c - 7 potions of curing
 d - 5 potions of heal wounds
 f - 5 potions of berserk rage
 h - 2 potions of invisibility
 j - 2 potions of might
 l - 2 potions of mutation


   Skills:
 + Level 2.6 Fighting
 + Level 4.3 Dodging
 + Level 6.1 Stealth
 + Level 12.5 Spellcasting
 + Level 6.9 Conjurations
 + Level 3.7 Transmutations
 + Level 3.0 Fire Magic
 + Level 17.0 Earth Magic


You had 18 spell levels left.
You knew the following spells:

 Your Spells              Type           Power      Damage    Failure   Level
a - Sandblast             Erth           100%       2d20      0%          1
b - Passwall              Tmut/Erth      41%        N/A       1%          2
c - Stone Arrow           Conj/Erth      100%       3d13      1%          3
d - Petrify               Tmut/Erth      50%        N/A       1%          4
e - Foxfire               Conj/Fire      100%       2x1d9     1%          1
f - Sticky Flame          Conj/Fire      30%        2d5       2%          4

Your spell library contained the following spells:

 Spells                   Type           Power      Damage    Failure   Level
 Freezing Cloud           Conj/Ice/Air   10%        6-21      16%         5


Dungeon Overview and Level Annotations

Branches:
Dungeon (1/1)

Altars:
Ashenzari
Cheibriados
Dithmenos
Elyvilon
Fedhas
Gozag
Hepliaklqana
Kikubaaqudgha
Makhleb
Nemelex Xobeh
Okawaru
Qazlal
Ru
Sif Muna
Trog
Uskayaw
Vehumet
Wu Jian
Xom
Yredelemnul
Zin
The Shining One
Jiyva
Lugonu


Innate Abilities, Weirdness & Mutations

You are immune to sickness and miasma.
Your stone body is resilient. (AC +6)
You are immune to poison.
You resist negative energy. (rN+)
You are resistant to electric shocks. (rElec)
You are resistant to unholy torment.
You are immune to petrification.


Message History

The phantasmal warrior is severely damaged.
The phantasmal warrior hits you!!
Ouch! That really hurt!
The snapping turtle barely misses you.
Unknown command.
Casting: Sandblast (safe; 0% risk of failure)
Confirm with . or Enter, or press ? or * to list all spells.
Aiming: Sandblast (safe; 0% risk of failure)
Press: ? - help, Shift-Dir - straight line, f/p - phantasmal warrior
Aim: a phantasmal warrior (severely damaged, 85% to hit)
The blast of sand hits the phantasmal warrior but does no damage.
The phantasmal warrior is severely damaged.
The phantasmal warrior hits you but does no damage.
The snapping turtle bites you from afar.
The phantasmal warrior closely misses you.
Unknown command.
Casting: Sandblast (safe; 0% risk of failure)
Confirm with . or Enter, or press ? or * to list all spells.
Okay, then.
You feel much better.
The snapping turtle bites you from afar!
The phantasmal warrior closely misses you.
Casting: Sandblast (safe; 0% risk of failure)
Confirm with . or Enter, or press ? or * to list all spells.
Okay, then.
Casting: Sandblast (safe; 0% risk of failure)
Confirm with . or Enter, or press ? or * to list all spells.
Okay, then.
Casting: Sandblast (safe; 0% risk of failure)
Confirm with . or Enter, or press ? or * to list all spells.
Aiming: Sticky Flame (dangerous; 2% risk of failure)
Press: ? - help, Shift-Dir - straight line, f/p - phantasmal warrior
Aim: a phantasmal warrior (severely damaged, 100% to hit)
The sticky flame hits the phantasmal warrior but does no damage.
The phantasmal warrior is severely damaged.
The demonic crawler gives a hideous shriek!
The snapping turtle completely misses you.
The phantasmal warrior hits you!!
Ouch! That really hurt!
You die...

.....#..#......#
...............+
...............+
.....#..#......#
..........†....#
##'#####')######
......##''########
......##......'W.+
......##.....)'.@+
..<...##.....##..#
......##...###..t.#
......##..##........#
......##++#...#..#...#
########.............+
########++#...#..#...#
.#...[# ##. ......##
.#...[# ###.... #


You could see a snapping turtle and a phantasmal warrior.

Vanquished Creatures
  A rakshasa (D)
  A cyclops (D)
  An efreet (D)
  A kobold demonologist (D)
  A troll (D)
  A tarantella (D)
  Grinder (D)
  3 vampire mosquitoes (D)
  2 wargs (D)
  2 floating eyes (D)
  An ice beast (D)
  A gnoll sergeant (D)
  5 gnolls (D)
  3 adders (D)
  A river rat (D)
  An adder skeleton (D)
  An adder zombie (D)
  An endoplasm (D)
  A hobgoblin (D)
  A bat (D)
  A rat (D)
31 creatures vanquished.

Vanquished Creatures (others)
  2 foxfires (D)
2 creatures vanquished.

Grand Total: 33 creatures vanquished

Notes
Turn   | Place    | Note
-------+----------+-------------------------------------------
     0 | D        | mhtbhm the Gargoyle Earth Elementalist began the quest for
                  | the Orb.
     0 | D        | Reached XP level 1. HP: 10/10 MP: 3/3
    14 | D        | Reached skill level 5 in Earth Magic
    14 | D        | Reached XP level 2. HP: 15/15 MP: 1/5
   110 | D        | Found a bloodstained altar of Trog.
   110 | D        | Found a shimmering blue altar of Sif Muna.
   110 | D        | Found a viscous altar of Jiyva.
   110 | D        | Found a hazy altar of Hepliaklqana.
   110 | D        | Found an opulent altar of Gozag.
   111 | D        | Found a glowing golden altar of the Shining One.
   111 | D        | Found a glowing silver altar of Zin.
   111 | D        | Found a basalt altar of Yredelemnul.
   111 | D        | Found a shimmering altar of Xom.
   111 | D        | Found an ornate altar of the Wu Jian Council.
   111 | D        | Found a sacrificial altar of Ru.
   111 | D        | Found a stormy altar of Qazlal.
   111 | D        | Found an iron altar of Okawaru.
   111 | D        | Found a sparkling altar of Nemelex Xobeh.
   111 | D        | Found a burning altar of Makhleb.
   111 | D        | Found a blossoming altar of Fedhas.
   111 | D        | Found a white marble altar of Elyvilon.
   111 | D        | Found a shadowy altar of Dithmenos.
   111 | D        | Found a snail-covered altar of Cheibriados.
   113 | D        | Found a radiant altar of Vehumet.
   113 | D        | Found a corrupted altar of Lugonu.
   114 | D        | Found a hide-covered altar of Uskayaw.
   114 | D        | Found an ancient bone altar of Kikubaaqudgha.
   114 | D        | Found a broken altar of Ashenzari.
   123 | D        | Became a worshipper of Vehumet
   165 | D        | Reached skill level 6 in Earth Magic
   188 | D        | Learned a level 2 spell: Passwall
   194 | D        | Noticed a floating eye
   196 | D        | Reached * piety under Vehumet
   196 | D        | Offered knowledge of Foxfire by Vehumet.
   197 | D        | Reached XP level 3. HP: 15/19 MP: 4/7
   198 | D        | Killed a floating eye
   199 | D        | Reached skill level 1 in Transmutations
   199 | D        | Reached skill level 9 in Earth Magic
   199 | D        | Reached XP level 4. HP: 19/24 MP: 2/10
   199 | D        | Reached XP level 5. HP: 22/28 MP: 2/11
   203 | D        | Learned a level 3 spell: Stone Arrow
   208 | D        | Learned a level 4 spell: Petrify
   286 | D        | Noticed an ice beast
   287 | D        | Reached ** piety under Vehumet
   298 | D        | Learned a level 1 spell: Foxfire
   317 | D        | Killed an ice beast
   317 | D        | Offered knowledge of Searing Ray by Vehumet.
   318 | D        | Reached skill level 5 in Spellcasting
   318 | D        | Reached skill level 10 in Earth Magic
   318 | D        | Reached XP level 6. HP: 32/32 MP: 6/14
   497 | D        | Noticed a floating eye
   503 | D        | Killed a floating eye
   503 | D        | Offered knowledge of Conjure Flame by Vehumet.
   504 | D        | Reached skill level 1 in Conjurations
   504 | D        | Reached skill level 11 in Earth Magic
   524 | D        | Reached *** piety under Vehumet
   525 | D        | Reached skill level 12 in Earth Magic
   541 | D        | Noticed Grinder
   542 | D        | Noticed a warg
   561 | D        | Killed a warg
   562 | D        | Reached XP level 7. HP: 36/36 MP: 1/17
   668 | D        | Killed Grinder
   668 | D        | Offered knowledge of Sticky Flame by Vehumet.
   669 | D        | Reached skill level 1 in Fire Magic
   669 | D        | Reached skill level 13 in Earth Magic
   669 | D        | Reached **** piety under Vehumet
   675 | D        | Learned a level 4 spell: Sticky Flame
   697 | D        | Offered knowledge of Iskenderun's Battlesphere by Vehumet.
   700 | D        | Noticed a kobold demonologist
   703 | D        | Killed a kobold demonologist
   704 | D        | Reached skill level 14 in Earth Magic
   704 | D        | Reached XP level 8. HP: 42/42 MP: 12/21
   763 | D        | Reached ***** piety under Vehumet
   844 | D        | Noticed a troll
   860 | D        | Reached skill level 5 in Stealth
   861 | D        | Offered knowledge of Freezing Cloud by Vehumet.
   862 | D        | Reached skill level 1 in Fighting
   862 | D        | Reached skill level 10 in Spellcasting
   862 | D        | Reached skill level 5 in Conjurations
   862 | D        | Reached skill level 15 in Earth Magic
   882 | D        | Killed a troll
   883 | D        | Reached XP level 9. HP: 18/48 MP: 6/23
  1204 | D        | Noticed a tarantella
  1204 | D        | Noticed an efreet
  1209 | D        | Killed a tarantella
  1300 | D        | Killed an efreet
  1301 | D        | Reached skill level 16 in Earth Magic
  1399 | D        | Noticed a demonic crawler
  1408 | D        | Noticed a cyclops
  1420 | D        | Killed a cyclops
  1457 | D        | Noticed a rakshasa
  1467 | D        | Killed a rakshasa
  1468 | D        | Reached skill level 17 in Earth Magic
  1783 | D        | Noticed a phantasmal warrior
  1793 | D        | Mangled by a phantasmal warrior

Illustrated notes

Levels and vault maps discovered:
D:        pitsprint [storerooms_1, entrance_room_1, metal_vault_4, armoury_2,
          mini_pit_1, grid_room_1, main_hall_1, silver_pit, the_coven_1,
          the_vestibule_1, steel_vault_5, golden_pit, hallway_of_sentries,
          crystal_vault_4, iron_vault_2, final_vault]

Skill      XL: |  1  2  3  4  5  6  7  8  9 |
---------------+----------------------------+-----
Earth Magic    | 5 6 9 10 12 14 15 17 | 17.0
Dodging        | 2 3 4 |  4.3
Spellcasting   | 3 4 5 7 9 10 12 | 12.5
Stealth        | 3 4 5 6 |  6.1
Transmutations | 1 2 3 |  3.7
Conjurations   | 2 4 5 6 |  6.9
Fire Magic     | 1 2 3 |  3.0
Fighting       | 1 2 |  2.6

Action                   |  1- 3 |  4- 6 |  7- 9 || total
-------------------------+-------+-------+-------++-------
Melee: Quarterstaff      |       |       |     2 ||     2
 Cast: Sandblast         |     7 |    12 |    32 ||    51
       Stone Arrow       |       |     7 |    21 ||    28
       Petrify           |       |     4 |     6 ||    10
       Foxfire           |       |     2 |       ||     2
       Sticky Flame      |       |       |     4 ||     4
  Use: Potion            |       |     2 |     6 ||     8
       Scroll            |       |       |     2 ||     2
 Stab: Petrified         |       |       |     2 ||     2
Armor: Robe              |       |     2 |     7 ||     9
Dodge: Dodged            |     1 |     1 |    26 ||    28

Table legend: (Time is in decaauts)
 A = Elapsed time spent in this place.
 B = Non-inter-level travel time spent in this place.
 C = Inter-level travel time spent in this place.
 D = Time resting spent in this place.
 E = Time spent auto-exploring this place.
 F = Levels seen in this place.
 G = Mean time per level.
                   A        B        C        D        E       F      G
               +--------+--------+--------+--------+--------+-----+--------+
         Total |   1814 |   1814 |      0 |   1252 |     30 |   1 | 1814.0 |
       Dungeon |   1814 |   1814 |      0 |   1252 |     30 |   1 | 1814.0 |
               +--------+--------+--------+--------+--------+-----+--------+

Top non-repeatable levels by time:
       D: 1814 daAuts
